 Dungeon Crawl Stone Soup version 0.23.2-1-ga50397a6bc (webtiles) character file.

Game seed: 8753572132884179330

400290 AxeAttX the Demolition Dwarf (level 21, -10/217 HPs)
             Began as a Deep Dwarf Fighter on Apr 14, 2019.
             Was an Elder of Makhleb.
             Mangled by an Orb Guardian (40 damage)
             ... while paralysed by an ancient lich
             ... on level 5 of the Realm of Zot on Apr 17, 2019.
             The game lasted 00:59:30 (24698 turns).

AxeAttX the Demolition Dwarf (Deep Dwarf Fighter)  Turns: 24698, Time: 00:59:31

Health: -10/217    AC: 45    Str: 32    XL:     21   Next: 94%
Magic:  18/18 (9)  EV:  2    Int: 10    God:    Makhleb [****..]
Gold:   2589       SH:  0    Dex:  8    Spells: 20/20 levels left

rFire    + + .     SeeInvis .   L - +7 war axe (vamp)
rCold    . . .     Gourm    .   y - +5 shield
rNeg     + . .     Faith    .   k - +27 Lear's hauberk
rPois    +         Spirit   .   (helmet currently unavailable)
rElec    .         Reflect  .   l - +2 cloak
rCorr    .         Harm     .   (gloves currently unavailable)
MR       +++..     Rnd*Tele +   (boots currently unavailable)
Stlth    ..........             H - amulet "Irichen" {Acrobat rF+ Int+4}
HPRegen  0.00/turn              f - ring of protection from fire
MPRegen  0.16/turn              W - ring "Yrun" {MP+9 Str+7 Stlth-}

@: paralysed, lethally poisoned (-10 -> -19), held, non-regenerating, lightly
drained
A: damage resistance, heal wounds, talons 1, blurry vision 2, clumsy 2, dopey 2,
low mp 1, negative energy resistance 1, sense surroundings 3, poison resistance,
screaming 2, teleportitis 1, weak 2, subdued magic 1, no regeneration
}: 3/15 runes: decaying, serpentine, slimy
a: Heal Wounds, Minor Destruction, Lesser Servant of Makhleb, Major Destruction,
Renounce Religion


You were on level 5 of the Realm of Zot.
You worshipped Makhleb.
Makhleb was greatly pleased with you.
You were near starving.

You visited 8 branches of the dungeon, and saw 45 of its levels.

You collected 2589 gold pieces.

Inventory:

Hand Weapons
 L - a +7 vampiric war axe (weapon)
   (You took it off a meliai on level 13 of the Dungeon)
Missiles
 J - 2 throwing nets (quivered)
Armour
 c - a +0 helmet of see invisible
   (You acquired it on level 5 of the Pits of Slime)
 k - the +27 Lear's hauberk (worn)
   (You found it on level 5 of the Pits of Slime)
 l - a +2 cloak (worn)
   (You found it on level 3 of the Dungeon)
 y - a +5 shield (worn)
   (You took it off a naga warrior on level 3 of the Snake Pit)
 U - the +7 plate armour "Ateaceic" {Dex+7}
   (You found it on level 11 of the Dungeon)

   It affects your dexterity (+7).
Jewellery
 f - a ring of protection from fire (left hand)
   (You found it on level 5 of the Pits of Slime)
 i - an uncursed ring of see invisible
   (You found it on level 3 of the Depths)
 v - a +5 ring of evasion
   (You found it on level 5 of the Pits of Slime)
 H - the amulet "Irichen" (around neck) {Acrobat rF+ Int+4}
   (You found it on level 14 of the Dungeon)

   [amulet of the acrobat]

   It helps you evade while moving and waiting.
   It affects your intelligence (+4).
   It protects you from fire.
 S - a cursed ring of protection from magic
   (You found it on level 5 of the Pits of Slime)
 T - a +5 amulet of reflection
   (You found it on level 5 of the Pits of Slime)
 W - the ring "Yrun" (right hand) {MP+9 Str+7 Stlth-}
   (You acquired it on level 15 of the Dungeon)

   [ring of magical power]

   It affects your strength (+7).
   It affects your magic capacity (+9).
   It makes you less stealthy.
Wands
 u - a wand of disintegration (41)
   (You found it on level 4 of the Lair of Beasts)
 F - a wand of iceblast (6)
   (You found it on level 7 of the Dungeon)
 Y - a wand of paralysis (12)
   (You took it off a deep elf mage on level 15 of the Dungeon)
Scrolls
 m - a scroll of holy word
 o - 2 scrolls of enchant armour
 p - 8 scrolls of immolation
 t - 2 scrolls of teleportation
 A - 3 scrolls of fog
 E - a scroll of vulnerability
 G - 4 scrolls of fear
 K - 4 scrolls of brand weapon
 O - a scroll of magic mapping
 R - 17 scrolls of remove curse
 Z - a scroll of silence
Potions
 g - 5 potions of brilliance
 h - a potion of berserk rage
 j - 5 potions of flight
 q - 5 potions of curing
 B - 5 potions of lignification
 C - a potion of magic
 D - 7 potions of mutation
 M - 2 potions of invisibility
 N - a potion of ambrosia
Comestibles
 e - 58 rations


   Skills:
 + Level 19.6(19.0) Fighting
 - Level 18.0(17.4) Axes
 + Level 18.5(17.9) Armour
 - Level 15.0(14.4) Shields
 + Level 22.9(22.2) Invocations
 - Level 5.0(4.5) Evocations


You had 20 spell levels left.
You didn't know any spells.
Your spell library contained the following spells:

 Spells                   Type           Power        Failure   Level  Hunger
 Animate Skeleton         Necr           N/A          69%         1    ##.....
 Apportation              Tloc           #.....       69%         1    ##.....
 Beastly Appendage        Tmut           #.....       69%         1    ##.....
 Confusing Touch          Hex            #.....       69%         1    ##.....
 Corona                   Hex            #......      69%         1    ##.....
 Magic Dart               Conj           #...         69%         1    ##.....
 Sandblast                Erth           #.....       69%         1    ##.....
 Shock                    Conj/Air       #...         69%         1    ##.....
 Summon Small Mammal      Summ           #...         69%         1    ##.....
 Ensorcelled Hibernation  Hex/Ice        #.....       83%         2    ###....
 Passwall                 Tmut/Erth      #.......     83%         2    ###....
 Searing Ray              Conj           #.....       83%         2    ###....
 Sticks to Snakes         Tmut           #.......     83%         2    ###....
 Swiftness                Chrm/Air       #.......     83%         2    ###....
 Confuse                  Hex            #.......     96%         3    ####...
 Dazzling Spray           Conj/Hex       #.....       96%         3    ####...
 Spider Form              Tmut/Pois      #.........   96%         3    ####...
 Static Discharge         Conj/Air       #.......     96%         3    ####...
 Stone Arrow              Conj/Erth      #.....       96%         3    ####...
 Tukima's Dance           Hex            #.......     96%         3    ####...
 Airstrike                Air            #.........   100%        4    #####..
 Force Lance              Conj/Tloc      #.......     100%        4    #####..
 Fulminant Prism          Conj/Hex       #.........   100%        4    #####..
 Ice Form                 Ice/Tmut       #.......     100%        4    #####..
 Iskenderun's Mystic Bla  Conj           #.......     100%        4    #####..
 Leda's Liquefaction      Hex/Erth       #.........   100%        4    #####..
 Petrify                  Tmut/Erth      #.......     100%        4    #####..
 Blade Hands              Tmut           #.........   100%        5    ######.
 Bolt of Magma            Conj/Fire/Erth #.........   100%        5    ######.
 Irradiate                Conj/Tmut      #.........   100%        5    ######.
 Lee's Rapid Deconstruct  Erth           #.........   100%        5    ######.
 Lightning Bolt           Conj/Air       #.........   100%        5    ######.
 Hydra Form               Tmut           #.........   100%        6    #######
 Iron Shot                Conj/Erth      #.........   100%        6    #######
 Statue Form              Tmut/Erth      #........    100%        6    #######
 Dragon Form              Tmut           #.........   100%        7    #######
 Malign Gateway           Summ/Tloc      #.........   100%        7    #######
 Monstrous Menagerie      Summ           #.........   100%        7    #######
 Summon Greater Demon     Summ           #.........   100%        7    #######
 Summon Horrible Things   Summ           #.........   100%        8    #######
 Shatter                  Erth           #.........   100%        9    #######


Dungeon Overview and Level Annotations

Branches:
Dungeon (15/15)            Temple (1/1) D:7            Lair (6/6) D:8
  Swamp (4/4) Lair:4        Snake (4/4) Lair:2        Slime (5/5) Lair:6
    Orc (0/2) D:10         Vaults (0/5) D:14         Depths (5/5) D:15
    Zot (5/5) Depths:5

Altars:
Ashenzari
Cheibriados
Dithmenos
Elyvilon
Fedhas
Gozag
Hepliaklqana
Kikubaaqudgha
Makhleb
Nemelex Xobeh
Okawaru
Qazlal
Ru
Sif Muna
Trog
Uskayaw
Vehumet
Wu Jian
Xom
Yredelemnul
Zin
The Shining One
Jiyva

Shops:
Depths:5 }

Portals:
Hell: Depths:4
Pandemonium: Depths:1
Ice
Cave: Swamp:2

Annotations:
D:8 1 runed translucent door, luab's ghost, novice GnSk
Lair:5 exclusion: 3 oklob plants
Snake:4 3 runed translucent doors
Zot:4 1 transporter


Innate Abilities, Weirdness & Mutations

You are resistant to damage.
You can heal yourself by infusing magical energy.
You resist negative energy. (rN+)
You passively map a large area around you.
You do not regenerate.
You have sharp toenails.
Scrolls take you longer to read.
You are very clumsy. (Dex -4)
You are very dopey. (Int -4)
Your magical capacity is low. (-10% MP)
Your system is resistant to poisons. (rPois)
You sometimes yell uncontrollably at your foes.
You are occasionally teleported next to monsters.
You are very weak. (Str -4)
Your spells are a little easier to cast, but a little less powerful.


Message History

The searing blast hits you but does no damage.
The Orb Guardian drops a net on you. A large net falls onto you!
You become entangled in the net!
The electric golem disappears!
The Killer Klown teases you with a +9 club of venom!
You are more poisoned.
As you read the scroll of teleportation, it crumbles to dust.
You feel strangely stable.
You feel much better.
You feel very sick.
The Killer Klown blinks!
The red draconian stormcaller hits you but does no damage.
The Killer Klown headlocks you with a +9 club of flaming.
The Killer Klown slaps you but does no damage.
You feel much better.
You can drink potions again.
You feel sick.
The moth of wrath's fur bristles in rage as it notices you.
The white draconian drops a net on you. A large net falls onto you!
The red draconian breathes flames at you.
The searing blast hits you. You resist.
The red draconian stormcaller hits you but does no damage.
The Killer Klown flogs you but does no damage.
The Killer Klown strangle-hugs you with a +9 club of flaming.
The Killer Klown blinks! x3
An eldritch tentacle comes into view.
You feel much better.
You are engulfed in blazing flames.
You resist.
You feel very sick.
The red draconian monk hits you but does no damage.
The red draconian monk completely misses you.
The red draconian monk tail-slaps you but does no damage.
The Killer Klown headlocks you but does no damage.
The Killer Klown kneecaps you with a +9 club of venom!!
You are more poisoned.
The red draconian stormcaller mumbles some strange prayers to Qazlal.
The Orb Guardian hits you!
Your magical essence is drained by the effort!
You feel much better.
You are engulfed in blazing flames.
You resist.
You are no longer corroded.
You feel very sick.
The Killer Klown pinches you with a +10 club of flaming!
The electric golem crackles and sizzles.
The Killer Klown blinks!
The ancient lich casts a spell at you.
You suddenly lose the ability to move!
The red draconian monk hits you!!
The red draconian monk kicks you but does no damage.
The red draconian monk tail-slaps you.
The Killer Klown elbows you with a +9 club of flaming!!
The Killer Klown burns you.
The red draconian stormcaller hits you but does no damage.
The Orb Guardian hits you!
* * * LOW HITPOINT WARNING * * *
The electric golem crackles and sizzles.
The Killer Klown says, "Trust me, I'm a doctor."
The Killer Klown tickles you but does no damage.
The ancient lich is engulfed in blazing flames.
The ancient lich touches you but does no damage.
You are engulfed in blazing flames.
You resist.
* * * LOW HITPOINT WARNING * * *
You feel very sick.
The Killer Klown blinks!
The Killer Klown elbows you but does no damage.
The red draconian monk hits you but does no damage.
The red draconian monk kicks you.
The red draconian monk tail-slaps you but does no damage.
The moth of wrath goads the Orb Guardian on!
The Orb Guardian goes berserk!
The Orb Guardian completely misses you.
The electric golem blinks!
The ancient lich completely misses you.
The Killer Klown sucker-punches you with a +10 club of flaming.
* * * LOW HITPOINT WARNING * * *
The red draconian stormcaller hits you but does no damage.
The Killer Klown elbows you but does no damage.
You are engulfed in blazing flames.
You resist.
* * * LOW HITPOINT WARNING * * *
You feel sick.
The Orb Guardian hits you but does no damage.
The ancient lich touches you. You partially resist.
You feel drained. The red draconian monk hits you!
* * * LOW HITPOINT WARNING * * *
The red draconian monk kicks you but does no damage.
The red draconian monk tail-slaps you but does no damage.
The Orb Guardian hits you!
* * * LOW HITPOINT WARNING * * *
The death drake bites you but does no damage.
The Killer Klown blinks!
The Killer Klown defenestrates you but does no damage.
The Killer Klown slaps you but does no damage.
The red draconian stormcaller hits you but does no damage.
The ancient lich gestures at you while chanting.
You easily resist.
You feel very sick.
The Orb Guardian hits you but does no damage.
The death drake bites you but does no damage.
The Orb Guardian hits you but does no damage.
The Killer Klown prods you but does no damage.
The ancient lich touches you but does no damage.
The Killer Klown throws klown pie at you.
The klown pie hits you but does no damage.
The Killer Klown laughs merrily.
The Orb Guardian hits you!!!
You die...

*,........^..........###...
**......^....°°d....###...#
*#......^).°○○....##....##
*#....).°.°°☼....^11.###
▓▓...)$##▓▓▓▓▓▓▓▓▓▓▓#
*▓....).).......X▓▓▓▓
*▓^.....dk.......pdd.▓##
▓▓.......qqp......pd....##
▓.†...).8k@Xd.....qd.....#
▓.......kp*Ld..........?^▓*
▓▓..$...ppXdy............▓*
*▓.......d..............▓.
▓▓....p................y.
▓▓......................▓.
*▓.....(..^.....d..8).§..▓▓
▓..*......^^.........p...▓*
▓......§................p▓


You could see an orb of fire, 5 Killer Klowns, an electric golem, a red
draconian monk, an ancient lich, a yellow draconian, a green draconian, 3
draconians, a white draconian, a red draconian stormcaller, 2 Orb Guardians, a
death drake, 2 wind drakes and a moth of wrath.

Vanquished Creatures
  An orb of fire (Zot:1)
  An ancient lich (Zot:5)
  A juggernaut (Depths:2)
  2 Killer Klowns (Zot:5)
  A caustic shrike (Depths:2)
  A curse toe (Zot:5)
  5 golden dragons
  2 electric golems
  Rupert (Lair:6)
  Asterion (Snake:2)
  2 liches
  A tentacled monstrosity (Depths:2)
  A titan (Depths:4)
  9 Orb Guardians (Zot:5)
  A deep elf master archer (Depths:4)
  3 sphinxes
  Gastronok (D:9)
  19 acid blobs
  Frances (D:13)
  2 thorn hunters
  2 death cobs (Zot:5)
  9 nagarajas (Snake:4)
  Kirke (Lair:6)
  A tengu reaver (Depths:4)
  5 storm dragons
  A draconian monk (Zot:5)
  5 azure jellies
  A frost giant (shapeshifter) (Depths:4)
  6 frost giants
  2 fire giants
  3 draconian knights
  A ghost moth (Zot:5)
  Louise (Swamp:1)
  7 draconian scorchers
  Aizul (Swamp:1)
  3 draconian shifters
  A spriggan defender (Depths:2)
  3 draconian stormcallers
  5 draconian annihilators
  2 stone giants (Depths:3)
  2 very ugly things
  A war gargoyle (Depths:4)
  Nessos (D:15)
  A vampire knight (Depths:5)
  3 green draconians
  7 white draconians
  3 spark wasps
  A lorocyproca (Depths:1)
  4 black draconians (Zot:5)
  Azrael (D:15)
  3 purple draconians
  11 red draconians
  5 yellow draconians
  5 ettins
  4 fire dragons
  A yaktaur captain (Depths:3)
  9 death oozes (Slime:5)
  4 great orbs of eyes
  10 naga warriors
  Erolcha (D:9)
  16 hydras
  Fannar (Lair:2)
  A vault guard (D:14)
  An ice dragon (Depths:5)
  A shambling mangrove (Swamp:3)
  2 juggernaut simulacra (Depths:4)
  A rakshasa (Depths:1)
  A ghost crab (Swamp:1)
  4 spriggan air magi
  4 alligators
  A centaur warrior (D:13)
  A merfolk avatar (Lair:6)
  4 anacondas
  2 two-headed ogres
  A tengu warrior (D:15)
  14 deep troll earth magi
  A vampire mage (Depths:2)
  5 shock serpents
  7 deep troll shamans
  4 dancing weapons (Depths:4)
  Urug (Lair:3)
  A spriggan berserker (Depths:2)
  9 naga sharpshooters
  A sun demon (Depths:1)
  A soul eater (Depths:1)
  A fire crab (Swamp:4)
  A spark wasp zombie (Depths:2)
  3 salamander mystics (Snake:4)
  4 iron trolls
  24 deep trolls
  2 flayed ghosts
  6 skeletal warriors (D:15)
  5 sea snakes (Snake:4)
  2 naga ritualists (Snake:4)
  An unseen horror (D:14)
  8 swamp dragons
  2 glowing orange brains
  2 spriggan druids (Swamp:3)
  2 phantasmal warriors (Depths:5)
  5 mana vipers
  A lindwurm (Swamp:4)
  2 necromancers
  A harpy (Lair:6)
  4 deep elf magi
  A wolf spider (Lair:1)
  13 ugly things
  4 manticores
  6 salamanders
  5 shining eyes
  8 cyclopes
  6 moths of wrath
  76 slime creatures
  A frost giant skeleton (D:15)
  4 guardian serpents (Snake:4)
  Joseph (D:8)
  14 elephants
  15 naga magi (Snake:4)
  20 black mambas
  A gargoyle (D:10)
  11 spiny frogs
  A centaur skeleton (D:13)
  10 rime drakes
  7 komodo dragons
  A freezing wraith (D:14)
  An efreet (Zot:1)
  6 yaktaurs
  A golden dragon simulacrum (Depths:2)
  A hellwing (Depths:1)
  3 tengu conjurers
  A yaktaur skeleton (D:15)
  5 tyrant leeches
  3 polar bears (Lair:6)
  3 meliai (D:13)
  2 wind drakes (Lair:6)
  10 trolls
  6 bog bodies
  5 dream sheep (Lair:5)
  10 hornets
  17 hippogriffs
  A water elemental (Depths:2)
  A spriggan (shapeshifter) (D:14)
  4 shadows
  7 wyverns
  7 spriggans
  19 yaks
  A human (D:7)
  4 basilisks
  A steam dragon (D:9)
  A neqoxec (Depths:1)
  20 fire elementals
  8 golden eyes
  8 hogs
  A wraith (D:11)
  A hungry ghost (D:12)
  14 vampire mosquitoes
  Menkaure (D:6)
  10 swamp worms
  An acid dragon (D:14)
  9 insubstantial wisps (Swamp:1)
  34 nagas
  22 water moccasins
  A soldier ant (D:14)
  A floating eye (Slime:4)
  A hell hound (D:15)
  8 porcupines
  8 orc warriors
  10 swamp drakes
  2 ice beasts (D:11)
  6 sky beasts
  2 black bears
  9 ogres
  2 phantoms
  3 boggarts (D:14)
  3 eyes of draining
  45 wolves
  5 centaurs
  19 crocodiles
  3 big kobolds
  19 bullfrogs
  3 wyvern skeletons
  A water moccasin zombie (D:8)
  3 scorpions
  5 killer bees (D:8)
  4 howler monkeys (D:7)
  2 electric eels (D:7)
  14 wights
  A centaur zombie (D:9)
  5 crimson imps
  4 jellies
  A quasit (D:12)
  6 hounds
  A gnoll shaman (D:7)
  7 orc priests
  2 iron imps (Depths:1)
  13 orc wizards
  2 iguanas
  4 hell rats (Lair:2)
  8 worker ants
  A hound skeleton (D:8)
  2 hound zombies (D:5)
  A howler monkey zombie (D:10)
  A worker ant zombie (D:11)
  19 adders
  8 gnolls (D:7)
  8 shadow imps
  2 white imps (Depths:1)
  An ufetubus (Depths:1)
  3 adder zombies
  2 oozes (D:5)
  An adder skeleton (D:4)
  4 worms
  3 dart slugs
  5 leopard geckos
  62 orcs
  6 ball pythons
  8 giant cockroaches
  4 goblins
  3 hobgoblins
  10 jackals
  2 quokkas
  6 bats
  5 frilled lizards
  18 kobolds
  A leopard gecko skeleton (D:5)
  A quokka zombie (D:5)
  3 rats
  7 fungi
  6 plants
  2 withered plants (D:15)
1246 creatures vanquished.

Vanquished Creatures (collateral kills)
  the Royal Jelly (Slime:5)
  An orb of fire (Zot:5)
  An ancient lich (Zot:5)
  Jorgrun (D:15)
  12 Orb Guardians (Zot:5)
  A tentacled monstrosity (Zot:4)
  An acid blob (Slime:5)
  A nagaraja (Snake:4)
  A shadow dragon (Zot:5)
  An azure jelly (Slime:5)
  A draconian monk (Zot:4)
  2 frost giants
  A draconian knight (Zot:5)
  3 draconian shifters
  A draconian annihilator (Zot:5)
  2 black draconians
  2 green draconians (Zot:5)
  A yellow draconian (Zot:5)
  2 purple draconians
  4 red draconians (Zot:4)
  2 death oozes (Slime:5)
  3 great orbs of eyes
  An anaconda (Snake:4)
  A deep troll earth mage (Depths:5)
  A deep troll shaman (Depths:5)
  A naga sharpshooter (Snake:4)
  A salamander mystic (Snake:4)
  A skeletal warrior (D:15)
  2 deep trolls (Depths:5)
  A swamp dragon (Swamp:4)
  A frost giant zombie (D:15)
  A moth of wrath (Zot:1)
  A black mamba (Snake:4)
  A naga mage (Snake:4)
  A komodo dragon (Lair:3)
  2 fire elementals (D:15)
  2 nagas
  A hell hound (D:15)
  A tengu skeleton (D:15)
  2 swamp drakes (Swamp:4)
  2 wolves (Lair:3)
69 creatures vanquished.

Vanquished Creatures (others)
  A draconian knight (Zot:5)
  A frost giant (Depths:4)
  3 hydras (Swamp:4)
  A spriggan (Swamp:4)
  A salamander mystic (Snake:4)
  A hornet (Swamp:4)
  A tyrant leech (Swamp:1)
  4 steam dragons (Swamp:4)
  2 swamp worms
  2 nagas (Snake:4)
  A water moccasin (Snake:4)
  A swamp drake (Swamp:4)
  A goblin (D:7)
  6 fungi
  10 plants
36 creatures vanquished.

Grand Total: 1351 creatures vanquished

Notes
Turn   | Place    | Note
-------+----------+-------------------------------------------
     0 | D:1      | AxeAttX the Deep Dwarf Fighter began the quest for the Orb.
     0 | D:1      | Reached XP level 1. HP: 20/20 MP: 1/1
    95 | D:1      | Reached XP level 2. HP: 24/27 MP: 2/2
   210 | D:2      | Reached skill level 3 in Fighting
   274 | D:3      | Reached XP level 3. HP: 31/34 MP: 3/3
   280 | D:3      | Reached skill level 3 in Axes
   337 | D:3      | Reached XP level 4. HP: 31/42 MP: 0/4
   422 | D:3      | Reached skill level 4 in Armour
   443 | D:3      | Reached skill level 4 in Shields
   507 | D:3      | Reached XP level 5. HP: 35/49 MP: 0/5
   882 | D:4      | Found a basalt altar of Yredelemnul.
   884 | D:4      | Found a sacrificial altar of Ru.
   973 | D:4      | Found a sparkling altar of Nemelex Xobeh.
  1298 | D:4      | Reached XP level 6. HP: 33/57 MP: 6/6
  1611 | D:4      | Reached skill level 4 in Axes
  1614 | D:4      | Reached skill level 4 in Fighting
  1825 | D:5      | Entered Level 5 of the Dungeon
  1865 | D:5      | Reached skill level 5 in Armour
  1904 | D:5      | Reached skill level 5 in Shields
  2022 | D:5      | Found a glowing silver altar of Zin.
  2026 | D:5      | Found a stormy altar of Qazlal.
  2027 | D:5      | Found a shimmering altar of Xom.
  2245 | D:5      | Reached XP level 7. HP: 49/66 MP: 7/7
  2687 | D:6      | Reached skill level 5 in Axes
  3087 | D:6      | Reached skill level 5 in Fighting
  3111 | D:6      | Found a white marble altar of Elyvilon.
  3178 | D:6      | Reached XP level 8. HP: 33/74 MP: 7/7
  3232 | D:6      | Noticed Menkaure
  3244 | D:6      | Killed Menkaure
  3244 | D:6      | Reached skill level 6 in Axes
  3244 | D:6      | Reached skill level 6 in Armour
  3281 | D:6      | Reached skill level 6 in Shields
  3697 | D:7      | Found a staircase to the Ecumenical Temple.
  3778 | D:7      | Noticed a hippogriff
  3797 | D:7      | Killed a hippogriff
  3797 | D:7      | Reached skill level 6 in Fighting
  4028 | D:7      | Reached skill level 7 in Axes
  4035 | D:7      | Gained mutation: You passively map the area around you.
                  | [Deep Dwarf growth]
  4035 | D:7      | Reached XP level 9. HP: 40/85 MP: 5/5
  4072 | D:7      | Noticed a cyclops
  4103 | D:7      | Killed a cyclops
  4103 | D:7      | Reached skill level 7 in Fighting
  4103 | D:7      | Reached skill level 8 in Axes
  4103 | D:7      | Reached skill level 7 in Armour
  4103 | D:7      | Reached skill level 7 in Shields
  4178 | D:7      | Found an iron altar of Okawaru.
  4289 | Temple   | Entered the Ecumenical Temple
  4505 | Temple   | Became a worshipper of Makhleb the Destroyer
  4814 | D:7      | Reached skill level 9 in Axes
  4839 | D:7      | Reached skill level 1 in Invocations
  4839 | D:7      | Reached XP level 10. HP: 49/96 MP: 3/3
  4853 | D:8      | Reached skill level 8 in Fighting
  4857 | D:8      | Reached * piety under Makhleb
  4874 | D:8      | Reached skill level 2 in Invocations
  4960 | D:8      | Found a runed translucent door.
  4964 | D:8      | Noticed luab's ghost (novice GnSk)
  5136 | D:8      | Noticed Joseph
  5153 | D:8      | Killed Joseph
  5153 | D:8      | Reached skill level 3 in Invocations
  5159 | D:8      | Found a staircase to the Lair.
  5485 | D:9      | Reached skill level 4 in Invocations
  5495 | D:9      | Reached skill level 8 in Armour
  5495 | D:9      | Reached skill level 8 in Shields
  5521 | D:9      | Reached skill level 10 in Axes
  5521 | D:9      | Reached skill level 5 in Invocations
  5616 | D:9      | Noticed Erolcha
  5623 | D:9      | Killed Erolcha
  5788 | D:9      | Reached skill level 9 in Fighting
  5796 | D:9      | Reached skill level 6 in Invocations
  5796 | D:9      | Reached XP level 11. HP: 56/106 MP: 6/6
  5855 | D:9      | Reached ** piety under Makhleb
  5985 | D:9      | Noticed Gastronok
  6014 | D:9      | Killed Gastronok
  6014 | D:9      | Reached skill level 7 in Invocations
  6191 | D:10     | Entered Level 10 of the Dungeon
  6294 | Lair:1   | Entered Level 1 of the Lair of Beasts
  6302 | Lair:1   | Noticed a wolf spider
  6328 | Lair:1   | Killed a wolf spider
  6494 | Lair:1   | Reached skill level 11 in Axes
  6642 | Lair:1   | Reached skill level 8 in Invocations
  6662 | Lair:1   | Reached skill level 1 in Evocations
  6668 | Lair:1   | Reached skill level 9 in Armour
  6668 | Lair:1   | Reached skill level 9 in Shields
  6686 | Lair:1   | Reached *** piety under Makhleb
  6765 | Lair:1   | Reached skill level 2 in Evocations
  6817 | Lair:1   | Reached skill level 10 in Fighting
  7020 | Lair:2   | Reached XP level 12. HP: 88/116 MP: 8/8
  7022 | Lair:2   | Reached skill level 9 in Invocations
  7025 | Lair:2   | Reached skill level 3 in Evocations
  7090 | Lair:2   | Reached **** piety under Makhleb
  7199 | Lair:2   | Reached skill level 4 in Evocations
  7271 | Lair:2   | Found a staircase to the Snake Pit.
  7305 | Lair:2   | Noticed Fannar
  7331 | Lair:2   | Killed Fannar
  7331 | Lair:2   | Reached skill level 12 in Axes
  7331 | Lair:2   | Reached skill level 10 in Invocations
  7775 | Lair:3   | Reached skill level 5 in Evocations
  7899 | Lair:3   | Noticed a six-headed hydra
  7903 | Lair:3   | Noticed Urug
  7910 | Lair:3   | Reached ***** piety under Makhleb
  7936 | Lair:3   | Killed a 13-headed hydra
  8008 | Lair:3   | Reached XP level 13. HP: 73/126 MP: 10/10
  8054 | Lair:3   | Killed Urug
  8054 | Lair:3   | Reached skill level 11 in Fighting
  8054 | Lair:3   | Reached skill level 10 in Armour
  8115 | Lair:3   | Reached skill level 11 in Invocations
  8416 | Lair:3   | Reached skill level 10 in Shields
  8792 | Lair:4   | Found a staircase to the Swamp.
  8859 | Lair:4   | Reached skill level 13 in Axes
  9497 | Lair:5   | Reached skill level 12 in Invocations
 10129 | Lair:6   | Entered Level 6 of the Lair of Beasts
 10156 | Lair:6   | Noticed Kirke
 10188 | Lair:6   | Killed Kirke
 10354 | Lair:6   | Reached skill level 12 in Fighting
 10437 | Lair:6   | Reached skill level 13 in Invocations
 10445 | Lair:6   | Identified Vebyezapt's Papyrus of Destructive
                  | Weightlessness
 10472 | Lair:6   | Noticed Rupert
 10491 | Lair:6   | Killed Rupert
 10491 | Lair:6   | Reached skill level 14 in Axes
 10491 | Lair:6   | Gained mutation: You resist negative energy. (rN+) [Deep
                  | Dwarf growth]
 10491 | Lair:6   | Reached XP level 14. HP: 88/138 MP: 12/12
 10645 | Lair:6   | Found a viscous altar of Jiyva.
 10645 | Lair:6   | Found a staircase to the Slime Pits.
 11702 | D:10     | Found a staircase to the Orcish Mines.
 11890 | D:10     | Found a shattered altar of Ashenzari.
 12466 | D:11     | Got a polished plate armour
 12477 | D:11     | Identified the +7 plate armour "Ateaceic" {Dex+7} (You
                  | found it on level 11 of the Dungeon)
 12728 | Lair:5   | Got a jewelled battleaxe
 12734 | Lair:5   | Identified the +2 battleaxe "Impslayer" {holy, Int+4} (You
                  | found it on level 5 of the Lair of Beasts)
 12939 | D:12     | Found a hazy altar of Hepliaklqana.
 13234 | D:12     | Reached ****** piety under Makhleb
 13424 | D:13     | Reached skill level 14 in Invocations
 13674 | D:13     | You fall through a shaft for 2 floors!
 13674 | D:15     | Entered Level 15 of the Dungeon
 13723 | D:15     | Noticed Azrael
 13761 | D:15     | Killed Azrael
 13817 | D:15     | Noticed Jorgrun
 13831 | D:15     | Killed Jorgrun
 13837 | D:15     | Reached skill level 13 in Fighting
 13857 | D:15     | Reached skill level 15 in Axes
 13861 | D:15     | Found a staircase to the Depths.
 13889 | D:15     | Noticed Nessos
 13921 | D:15     | Killed Nessos
 14109 | D:15     | Reached skill level 15 in Invocations
 14246 | D:15     | Found a shadowy altar of Dithmenos.
 14653 | D:15     | Identified 2 scrolls of acquirement
 14657 | D:15     | Got a crude platinum ring
 14659 | D:15     | Identified the ring "Yrun" {MP+9 Str+7 Stlth-} (You
                  | acquired it on level 15 of the Dungeon)
 15003 | D:14     | Reached XP level 15. HP: 148/148 MP: 13/13
 15113 | D:14     | Found a gate to the Vaults.
 15291 | D:14     | Got an ancient pewter amulet
 15422 | D:14     | Found a glowing golden altar of the Shining One.
 15630 | D:13     | Noticed Frances
 15644 | D:13     | Killed Frances
 15759 | D:13     | Reached skill level 16 in Axes
 15869 | D:13     | Identified the amulet "Irichen" {Acrobat rF+ Int+4} (You
                  | found it on level 14 of the Dungeon)
 15972 | D:13     | Reached skill level 14 in Fighting
 16340 | Snake:1  | Entered Level 1 of the Snake Pit
 16677 | Snake:2  | Noticed Asterion
 16688 | Snake:2  | Killed Asterion
 16750 | Snake:3  | Found a shadowy altar of Dithmenos.
 16844 | Snake:4  | Entered Level 4 of the Snake Pit
 16918 | Snake:4  | Reached skill level 17 in Axes
 16919 | Snake:4  | Noticed a nagaraja
 16928 | Snake:4  | Killed a nagaraja
 16931 | Snake:4  | Noticed a nagaraja
 16951 | Snake:4  | Noticed a nagaraja
 16958 | Snake:4  | Reached skill level 15 in Fighting
 16960 | Snake:4  | Killed a nagaraja
 16960 | Snake:4  | Noticed a nagaraja
 16964 | Snake:4  | Reached XP level 16. HP: 110/163 MP: 14/14
 16995 | Snake:4  | Reached skill level 18 in Axes
 17020 | Snake:4  | HP: 16/163 [naga warrior/+0 short sword (12)]
 17021 | Snake:4  | HP: 6/163 [naga warrior/+2 vampiric trident (9)]
 17266 | Snake:4  | Found a runed translucent gate.
 17267 | Snake:4  | Found a runed translucent gate.
 17267 | Snake:4  | Found a runed translucent gate.
 17394 | Snake:4  | Reached skill level 11 in Armour
 17394 | Snake:4  | Reached skill level 11 in Shields
 18152 | Snake:4  | Got a serpentine rune of Zot
 18394 | Swamp:1  | Entered Level 1 of the Swamp
 18456 | Swamp:1  | Noticed a thorn hunter
 18471 | Swamp:1  | Reached skill level 16 in Invocations
 18483 | Swamp:1  | Killed a thorn hunter
 18628 | Swamp:1  | Noticed Aizul
 18633 | Swamp:1  | Noticed Louise
 18659 | Swamp:1  | Killed Aizul
 18684 | Swamp:1  | Killed Louise
 18738 | Swamp:1  | Reached XP level 17. HP: 161/171 MP: 14/14
 18917 | Swamp:2  | Found a frozen archway.
 19138 | Swamp:3  | Reached skill level 12 in Shields
 19175 | Swamp:4  | Entered Level 4 of the Swamp
 19205 | Swamp:4  | Reached skill level 12 in Armour
 19353 | Swamp:4  | Reached skill level 16 in Fighting
 19413 | Swamp:4  | Got a decaying rune of Zot
 19575 | Swamp:1  | Reached skill level 17 in Invocations
 19738 | Slime:1  | Entered Level 1 of the Pits of Slime
 19745 | Slime:1  | Gained mutation: Your magical capacity is low. (-10% MP) [a
                  | shining eye]
 19748 | Slime:1  | Noticed an acid blob
 19754 | Slime:1  | Gained mutation: You have sharp toenails. [a shining eye]
 19770 | Slime:1  | HP: 21/172 [acid (17)]
 19788 | Lair:6   | Killed an acid blob
 19850 | Slime:2  | Noticed an acid blob
 19852 | Slime:2  | Gained mutation: Your spells are a little easier to cast,
                  | but a little less powerful. [a shining eye]
 19854 | Slime:2  | Gained mutation: You are clumsy. (Dex -2) [a shining eye]
 19866 | Slime:2  | Killed an acid blob
 19898 | Slime:3  | Noticed an acid blob
 19910 | Slime:3  | Killed an acid blob
 19937 | Slime:4  | Noticed an acid blob
 19952 | Slime:4  | Killed an acid blob
 20027 | Slime:5  | Entered Level 5 of the Pits of Slime
 20055 | Slime:5  | Noticed an acid blob
 20055 | Slime:5  | Noticed an acid blob
 20058 | Slime:5  | Reached skill level 13 in Shields
 20076 | Slime:5  | Noticed an acid blob
 20087 | Slime:4  | Reached skill level 13 in Armour
 20091 | Slime:4  | Killed an acid blob
 20091 | Slime:4  | Gained mutation: You passively map a large area around you.
                  | [Deep Dwarf growth]
 20091 | Slime:4  | Reached XP level 18. HP: 183/183 MP: 12/12
 20191 | Slime:5  | Gained mutation: Your spells are easier to cast, but less
                  | powerful. [a shining eye]
 20196 | Slime:5  | Gained mutation: Scrolls take you a little longer to read.
                  | [a shining eye]
 20271 | Slime:5  | Noticed the Royal Jelly
 20281 | Slime:5  | Paralysed by a floating eye for 3 turns
 20289 | Slime:5  | Found a viscous altar of Jiyva.
 20289 | Slime:5  | Paralysed by a floating eye for 4 turns
 20297 | Slime:5  | Paralysed by a floating eye for 3 turns
 20364 | Slime:5  | Paralysed by a floating eye for 3 turns
 20436 | Slime:5  | Killed the Royal Jelly
 20436 | Slime:5  | Reached skill level 18 in Invocations
 20487 | Slime:5  | Gained mutation: You tend to lose your temper in combat. [a
                  | shining eye]
 20520 | Slime:5  | Found the +27 Lear's hauberk
 20542 | Slime:5  | Found the +5 robe of Night {Dark MR+ SInv}
 20556 | Slime:5  | Got a slimy rune of Zot
 21022 | Lair:6   | Lost mutation: Your magical capacity is low. (-10% MP)
                  | [potion of mutation]
 21022 | Lair:6   | Lost mutation: Your spells are easier to cast, but less
                  | powerful. [potion of mutation]
 21022 | Lair:6   | Lost mutation: You tend to lose your temper in combat.
                  | [potion of mutation]
 21022 | Lair:6   | Lost mutation: Your spells are a little easier to cast, but
                  | a little less powerful. [potion of mutation]
 21022 | Lair:6   | Lost mutation: Scrolls take you a little longer to read.
                  | [potion of mutation]
 21022 | Lair:6   | Gained mutation: You occasionally shout uncontrollably at
                  | your foes. [potion of mutation]
 21022 | Lair:6   | Gained mutation: Your system is resistant to poisons.
                  | (rPois) [potion of mutation]
 21334 | Depths:1 | Entered Level 1 of the Depths
 21418 | Depths:1 | Found a one-way gate leading to the halls of Pandemonium.
 21598 | Depths:2 | Reached skill level 14 in Shields
 21602 | Depths:2 | Reached skill level 14 in Armour
 21700 | Depths:2 | Noticed a lich
 21700 | Depths:2 | Noticed a caustic shrike
 21722 | Depths:2 | Killed a caustic shrike
 21722 | Depths:2 | Reached skill level 17 in Fighting
 21727 | Depths:2 | Killed a lich
 21794 | Depths:2 | Noticed a lich
 21795 | Depths:2 | Noticed a tentacled monstrosity
 21795 | Depths:2 | Noticed a juggernaut
 21795 | Depths:2 | Noticed a golden dragon
 21812 | Depths:2 | Killed a golden dragon
 21814 | Depths:2 | Noticed a golden dragon
 21817 | Depths:2 | Paralysed by a floating eye for 3 turns
 21823 | Depths:2 | Paralysed by a floating eye for 2 turns
 21854 | Depths:2 | Reached XP level 19. HP: 66/193 MP: 15/15
 21918 | Depths:2 | HP: 24/193 [golden dragon simulacrum[a necromancer] (42)]
 21919 | Depths:2 | Reached skill level 19 in Invocations
 21960 | Depths:2 | Paralysed by a lich for 6 turns
 22007 | Depths:2 | Killed a juggernaut
 22034 | Depths:2 | Killed a golden dragon
 22517 | Depths:3 | Reached skill level 15 in Shields
 22537 | Depths:3 | Reached skill level 15 in Armour
 22682 | Depths:4 | Found a gateway to Hell.
 22739 | Depths:4 | HP: 28/194 [juggernaut simulacrum (28)]
 22904 | Depths:4 | Reached skill level 20 in Invocations
 22993 | Depths:4 | You fall through a shaft!
 22993 | Depths:5 | Entered Level 5 of the Depths
 22994 | Depths:5 | Found Mommeih's Gadget Boutique.
 23007 | Depths:5 | Reached XP level 20. HP: 182/204 MP: 14/14
 23018 | Depths:5 | Reached skill level 18 in Fighting
 23106 | Depths:5 | Reached skill level 16 in Armour
 23115 | Depths:5 | Found a gate to the Realm of Zot.
 23168 | Zot:1    | Entered Level 1 of the Realm of Zot
 23413 | Zot:1    | Noticed an orb of fire
 23421 | Zot:1    | Gained mutation: Your spells are a little easier to cast,
                  | but a little less powerful. [an orb of fire]
 23424 | Zot:1    | Gained mutation: You are weak. (Str -2) [an orb of fire]
 23433 | Zot:1    | Gained mutation: You are very weak. (Str -4) [an orb of
                  | fire]
 23441 | Zot:1    | Gained mutation: You are very clumsy. (Dex -4) [an orb of
                  | fire]
 23442 | Zot:1    | Killed an orb of fire
 23442 | Zot:1    | Reached skill level 21 in Invocations
 23602 | Zot:2    | Noticed a golden dragon
 23615 | Zot:2    | Killed a golden dragon
 23626 | Zot:3    | Noticed a golden dragon
 23639 | Zot:3    | Killed a golden dragon
 23704 | Zot:4    | Reached skill level 17 in Armour
 23766 | Zot:4    | Found a transporter.
 23791 | Zot:5    | Entered Level 5 of the Realm of Zot
 23791 | Zot:5    | Noticed a golden dragon
 23812 | Zot:5    | Killed a golden dragon
 23883 | Zot:5    | Noticed a Killer Klown
 23897 | Zot:5    | Killed a Killer Klown
 23947 | Zot:5    | Reached XP level 21. HP: 136/214 MP: 15/15
 24190 | Zot:5    | Noticed a curse toe
 24205 | Zot:5    | Killed a curse toe
 24205 | Zot:5    | Reached skill level 19 in Fighting
 24235 | Zot:5    | HP: 32/216 [something (17)]
 24272 | Zot:5    | Reached skill level 22 in Invocations
 24418 | Zot:5    | Noticed an ancient lich
 24425 | Zot:5    | Noticed a Killer Klown
 24425 | Zot:5    | Noticed an ancient lich
 24427 | Zot:5    | Noticed an orb of fire
 24427 | Zot:5    | Noticed a Killer Klown
 24434 | Zot:5    | Killed an ancient lich
 24434 | Zot:5    | Reached skill level 18 in Armour
 24447 | Zot:5    | Killed an ancient lich
 24451 | Zot:5    | Noticed a Killer Klown
 24456 | Zot:5    | Killed an orb of fire
 24481 | Zot:5    | Killed a Killer Klown
 24500 | Zot:5    | Noticed an orb of fire
 24505 | Zot:5    | Noticed a Killer Klown
 24511 | Zot:5    | Noticed a Killer Klown
 24512 | Zot:5    | Noticed a Killer Klown
 24517 | Zot:5    | Gained mutation: Your magical capacity is low. (-10% MP)
                  | [an orb of fire]
 24527 | Zot:5    | Gained mutation: You are occasionally teleported next to
                  | monsters. [an orb of fire]
 24530 | Zot:5    | Noticed a Killer Klown
 24533 | Zot:5    | HP: 23/217 [Orb Guardian (19)]
 24540 | Zot:5    | Noticed an ancient lich
 24543 | Zot:5    | Gained mutation: You sometimes yell uncontrollably at your
                  | foes. [an orb of fire]
 24549 | Zot:5    | Gained mutation: Scrolls take you a little longer to read.
                  | [an orb of fire]
 24665 | Zot:5    | Gained mutation: You are dopey. (Int -2) [an orb of fire]
 24673 | Zot:5    | Gained mutation: You are very dopey. (Int -4) [an orb of
                  | fire]
 24680 | Zot:5    | HP: 21/217 [Killer Klown/klown pie (40)]
 24686 | Zot:5    | HP: 30/217 [Killer Klown/+9 club (6)]
 24690 | Zot:5    | Gained mutation: Scrolls take you longer to read. [an orb
                  | of fire]
 24695 | Zot:5    | Paralysed by an ancient lich for 6 turns
 24698 | Zot:5    | HP: 30/217 [poisoned by a Killer Klown]
 24698 | Zot:5    | Mangled by an Orb Guardian

Skill      XL: |  1  2  3  4  5  6  7  8  9 10 11 12 13 14 15 16 17 18 19 20 21 |
---------------+----------------------------------------------------------------+-----
Fighting       | 3 4 5 6 7 9 10 12 13 15 16 17 18 19 | 19.6
Axes           | 3 4 5 7 9 10 11 12 14 15 17 18 | 18.0
Armour         | 4 5 6 7 8 9 10 11 13 14 15 17 18 | 18.5
Shields        | 4 5 6 7 8 9 10 11 13 14 15 | 15.0
Invocations    | 1 6 8 10 13 15 16 17 18 20 21 22 | 22.9
Evocations     | 2 5 |  5.0

Action                   |  1- 3 |  4- 6 |  7- 9 | 10-12 | 13-15 | 16-18 | 19-21 || total
-------------------------+-------+-------+-------+-------+-------+-------+-------++-------
Melee: War axe           |    89 |   285 |   376 |   668 |   989 |  1149 |  1147 ||  4703
       Morningstar       |       |       |       |     1 |       |       |       ||     1
       Eveningstar       |       |       |       |       |    40 |       |       ||    40
       Broad axe         |       |       |       |       |   428 |   239 |       ||   667
       Kick              |       |       |       |       |       |    98 |   466 ||   564
Invok: Lesser Servant of |       |       |       |     2 |     1 |     2 |       ||     5
       Major Destruction |       |       |       |       |     1 |     4 |       ||     5
       Greater Servant o |       |       |       |       |     3 |     3 |    22 ||    28
 Abil: Heal Wounds       |     1 |     2 |    25 |     7 |     2 |    21 |    37 ||    95
Evoke: Wand              |       |       |       |     2 |     1 |     4 |       ||     7
  Use: Scroll            |     3 |       |     7 |     2 |    18 |    15 |    19 ||    64
       Potion            |       |       |       |       |     6 |     8 |     4 ||    18
 Stab: Distracted        |       |       |       |       |     8 |     2 |     8 ||    18
       Confused          |       |       |       |       |       |     2 |     1 ||     3
       Invisible         |       |       |       |       |       |       |    16 ||    16
  Eat: Chunk             |       |     5 |     9 |    12 |    31 |     9 |     6 ||    72
       Ration            |       |       |       |       |       |     4 |     1 ||     5
Armor: Scale mail        |    31 |   149 |   140 |       |       |       |       ||   320
       Plate armour      |       |       |    88 |   536 |   928 |  1267 |       ||  2819
       Chain mail        |       |       |       |       |       |   210 |   963 ||  1173
Dodge: Dodged            |    20 |    93 |   116 |   180 |   333 |   596 |   397 ||  1735
Block: Shield            |    41 |   178 |   273 |   520 |  1062 |  1351 |   929 ||  4354

Levels and vault maps discovered:
D:1:      shiori_arrival_elements, layout_loops_ring
D:2:      layout_basic, nrook_campfire, fedhas_ov_isle_minmay
D:3:      layout_loops_ring, gammafunk_ghost_cemetery, minivault_25
D:4:      layout_basic, chequers_temple_overflow_statue_of_worship,
          nemelex_lonely_heart_becter
D:5:      layout_cave_pods, minitemple, first_ration
D:6:      layout_basic, kennysheep_mini, chequers_serial_rivers_marsh,
          glass_columns_a, dk_rats_in_the_wall, uniq_menkaure
D:7:      layout_basic, okawaru_altar_gauntlet_db, temple_pool_b,
          grunt_livestock, lightli_minifort
D:8:      layout_cave_pools, david_lair_generic, ebering_ghost_reflecting_pool,
          uniq_joseph
D:9:      layout_irregular_city, st_stairs_9, uniq_erolcha, uniq_gastronok
D:10:     layout_loops_ring, erik_orc_3, basic_altar
D:11:     layout_roguey
D:12:     layout_cave_pools, basic_altar
D:13:     layout_long_grid, serial_rivers, chequers_serial_rivers_small_3,
          chequers_serial_rivers_room_b, chequers_serial_rivers_marsh,
          chequers_serial_rivers_room_a, chequers_serial_rivers_large_a,
          minmay_misc_feat_rugged, uniq_frances
D:14:     layout_roguey, david_vaults_4, nicolae_tso_carved_into_rock
D:15:     gammafunk_depths_entry_grave, layout_basic,
          nicolae_dithmenos_the_darkroom, uniq_nessos, uniq_azrael, uniq_jorgrun
Temple:   regret_index_temple_generic_petals
Lair:1:   minmay_lair_venomous_thicket, layout_chaotic_city
Lair:2:   layout_long_grid, minmay_snake_entry_guardpost_small,
          grunt_forest_large_clearings, uniq_fannar
Lair:3:   layout_cave_pods, minivault_27, uniq_urug
Lair:4:   layout_cave_pods, skrybe_swamp_entry_bodies, minmay_lair_drake_nest
Lair:5:   layout_misc_corridors, nicolae_quartered_pool_medium,
          minmay_lair_oklob_chamber, infiniplex_staircase_pool_2,
          lemuel_fruit_fields, serial_bayou_shore_b, grunt_megastairs_1
Lair:6:   gammafunk_lair_ancient_temple, layout_regular_city, slime_altar_1,
          uniq_kirke, uniq_rupert
Swamp:1:  layout_basic_swamp, evilmike_swamp_ruin_house_3, uniq_louise,
          uniq_aizul
Swamp:2:  layout_basic_swamp, portal_ice_cave_entry_pillars_three,
          evilmike_swamp_ruin_house_2
Swamp:3:  layout_falls_marsh, nicolae_swamp_trees_clearing, swamp_pool2
Swamp:4:  swamp_fiery, layout_basic_swamp, swamp_pool3, uniq_bai_suzhen
Snake:1:  layout_cave_pods
Snake:2:  layout_cave_town, basic_altar, grunt_ministairs_4, uniq_vashnia,
          uniq_asterion
Snake:3:  layout_cave_town, serial_shops, shop, ebering_ghost_xom, basic_altar
Snake:4:  johnstein_snake_rune_scales, layout_basic, ebering_ghost_gozag,
          corexii_hall_statues_deadend, st_stairs_14, nicolae_snake_springs
Slime:1:  layout_caves, basic_altar
Slime:2:  layout_caves
Slime:3:  layout_caves, cheibrodos_slime_lost_civilization_5
Slime:4:  nicolae_slime_jelly_donut, layout_caves
Slime:5
Depths:1: layout_gridville, hell_entry, grunt_pan_entry_in_and_out,
          roderic_lattice_a, st_stairs_9, minmay_metal_thing, minmay_shop_star
Depths:2: minmay_dotted_concentric_squares, layout_basic, enter_ziggurat_b,
          pf_coc_iceberg, minmay_st_funbox
Depths:3: kennysheep_four_of_diamonds, layout_gridville,
          grunt_hell_entry_dis_grunt, pan_entry, minmay_staircase_statues
Depths:4: hangedman_crystal_crosses_colossus [crystal_crosses_arms_four,
          crystal_crosses_arms_four, crystal_crosses_arms_two,
          crystal_crosses_arms_two], abyss_entry, hell_entry, pan_entry
Depths:5: evilmike_zot_entry_argh, layout_gridlike, serial_shops,
          shop_fountains, mu_enter_wizlab_5, hell_entry,
          nicolae_trove_entry_free_sample, chequers_serial_rivers_micro_e,
          bh_walls_and_bars
Zot:1:    lemuel_firehouse, layout_onion_interference, drop_trap
Zot:2:    kennysheep_ambush_hall, layout_twisted_circle
Zot:3:    layout_cathedral_of_symmetry, st_small_dragon_hoard_4,
          st_large_dragon_hoard_4
Zot:4:    gammafunk_sealed_arena, layout_misc_corridors, zot_minivault_1
Zot:5:    layout_gridlike, grunt_megastairs_3

Table legend:
 A = Turns spent in this place as a percentage of turns spent in the entire game.
 B = Non-inter-level travel turns spent in this place as a percentage of non-inter-level travel turns spent in the entire game.
 C = Inter-level travel turns spent in this place as a percentage of turns spent in this place.
 D = Turns resting spent in this place as a percentage of non-inter-level travel turns spent in this place.
 E = Turns spent auto-exploring this place as a percentage of non-inter-level travel turns spent in this place.
 F = Non-inter-level travel turns spent in this place divided by the number of levels of this place that you've seen.
                   A       B       C       D       E      F
               +-------+-------+-------+-------+-------+----------------------
         Total | 100.0 | 100.0 |  12.4 |   2.4 |  56.5 | 480.8
       Dungeon |  46.0 |  46.7 |  11.1 |   0.1 |  70.0 | 673.1
        Temple |   0.9 |   0.9 |  18.1 |   0.0 |  97.9 | 190.0
          Lair |  23.0 |  22.6 |  14.1 |   0.7 |  70.4 | 813.2
         Swamp |   5.1 |   5.1 |  11.4 |   0.0 |  28.3 | 278.5
     Snake Pit |   6.5 |   5.4 |  27.4 |   0.0 |  36.0 | 293.5
    Slime Pits |   4.8 |   4.7 |  14.2 |  26.8 |   0.0 | 202.6
        Depths |   7.4 |   8.4 |   1.4 |   2.0 |  41.5 | 361.6
           Zot |   6.2 |   6.3 |  11.0 |  12.5 |   4.0 | 272.2
               +-------+-------+-------+-------+-------+----------------------

Table legend:
 A = Kills in this place as a percentage of kills in entire the game.
 B = Kills by you in this place as a percentage of kills by you in the entire game.
 C = Kills by friends in this place as a percentage of kills by friends in the entire game.
 D = Other kills in this place as a percentage of other kills in the entire game.
 E = Experience gained in this place as a percentage of experience gained in the entire game.
 F = Experience gained in this place divided by the number of levels of this place that you have seen.
                   A       B       C       D       E      F
               +-------+-------+-------+-------+-------+----------------------
         Total | 100.0 | 100.0 | 100.0 | 100.0 | 100.0 | 15571.7
       Dungeon |  32.5 |  34.0 |  10.8 |   0.0 |   9.0 | 4188.7
          Lair |  16.9 |  17.7 |   4.6 |   0.0 |   8.2 | 9630.3
         Swamp |   9.2 |   9.0 |   4.6 |  53.8 |   7.7 | 13443.8
     Snake Pit |  11.4 |  11.1 |  12.3 |  30.8 |  11.9 | 20785.0
    Slime Pits |   7.3 |   7.6 |   4.6 |   0.0 |  10.8 | 15177.4
        Depths |  12.5 |  12.4 |  13.8 |   7.7 |  23.0 | 32257.4
           Zot |  10.3 |   8.2 |  49.2 |   7.7 |  29.4 | 41204.8
               +-------+-------+-------+-------+-------+----------------------
